 Dungeon Crawl Stone Soup version 0.30-a0-4-ga7cffc901d (webtiles) character file.

Game seed: 13203925427996023092

128 Setbun the Sneak (level 5, -1/29 HPs)
             Began as a Kobold Enchanter on Aug 20, 2022.
             Killed from afar by Natasha (8 damage)
             ... with a magic dart
             ... on level 2 of the Dungeon.
             The game lasted 00:02:52 (2819 turns).

Setbun the Sneak (Kobold Enchanter)                 Turns: 2819, Time: 00:02:52

Health: -1/29      AC:  3    Str:  5    XL:     5   Next: 33%
Magic:  9/9        EV: 15    Int: 16    God:
Gold:   112        SH:  0    Dex: 18    Spells: 9/9 levels left

rFire   . . .      SeeInvis .    h - +0 dagger (vamp)
rCold   . . .      Faith    .    (no shield)
rNeg    . . .      Spirit   .    b - +0 robe
rPois   .          Reflect  .    (no helmet)
rElec   .          Harm     .    (no cloak)
rCorr   .          Rampage  .    (no gloves)
Will    .....                    i - +0 pair of boots
Stlth   ++++......               (no amulet)
HPRegen 0.09/turn                (no ring)
MPRegen 0.11/turn                (no ring)

@: no status effects
A: small, no large weapons, nightstalker 3
a: no special abilities


You were on level 2 of the Dungeon.
You visited 1 branch of the dungeon, and saw 2 of its levels.

You collected 112 gold pieces.

Inventory:

Hand Weapons
 a - a +1 dagger
 h - a +0 vampiric dagger (weapon)
Missiles
 o - a throwing net (quivered)
Armour
 b - a +0 robe (worn)
 f - a +0 buckler of reflection
 i - a +0 pair of boots (worn)
Jewellery
 d - a ring of fire
 p - an amulet of faith
Scrolls
 e - a scroll of teleportation {unknown}
 g - 3 scrolls of identify {unknown}
 k - a scroll of noise {unknown}
 n - a scroll of immolation {unknown}
 q - a scroll of torment {unknown}
Potions
 c - 4 potions of invisibility
 j - a potion of attraction {unknown}
 l - a potion of curing {unknown}
 m - a potion of brilliance


   Skills:
 + Level 1.0 Fighting
 + Level 2.7 Short Blades
 + Level 3.2 Dodging
 * Level 5.5 Stealth
 + Level 2.8 Spellcasting
 + Level 3.5 Hexes


You had 9 spell levels left.
You didn't know any spells.
Your spell library contained the following spells:

 Spells                   Type           Power      Damage    Failure   Level
 Ensorcelled Hibernation  Hex/Ice        14%        N/A       14%         2
 Confusing Touch          Hex            13%        N/A       14%         3
 Tukima's Dance           Hex            13%        N/A       14%         3
 Dazzling Flash           Conj/Hex       14%        N/A       28%         3
 Ozocubu's Armour         Ice            2%         N/A       50%         3
 Ozocubu's Refrigeration  Ice            1%         4d7       100%        7


Dungeon Overview and Level Annotations

Branches:
Dungeon (2/15)

Altars:

Annotations:
D:2 Natasha


Innate Abilities, Weirdness & Mutations

You are small and have problems with some larger weapons.
You are completely attuned to the shadows.


Message History

Natasha claws you!
You hit Natasha but do no damage.
Natasha is lightly wounded.
Natasha barely misses you.
You hit Natasha but do no damage.
Natasha is lightly wounded.
Natasha claws you.
You hit Natasha but do no damage.
Natasha is lightly wounded.
You barely miss Natasha.
Natasha is lightly wounded.
Natasha claws you!
You hit Natasha but do no damage.
Natasha is lightly wounded.
Natasha wildly gestures.
Natasha's front paws start to glow.
Natasha claws you but does no damage.
You hit Natasha but do no damage.
Natasha is lightly wounded.
Natasha barely misses you.
You hit Natasha but do no damage.
Natasha is lightly wounded.
Natasha barely misses you.
You closely miss Natasha.
Natasha is lightly wounded.
Natasha claws you.
* * * LOW HITPOINT WARNING * * *
You barely miss Natasha.
Natasha is lightly wounded.
Natasha completely misses you.
You barely miss Natasha.
Natasha is lightly wounded.
You barely miss Natasha.
Natasha is lightly wounded.
Natasha closely misses you.
You barely miss Natasha.
Natasha is lightly wounded.
Natasha stares at you and mumbles some strange words.
The magic dart hits you!
You die...

##########.#######.#########.###
#.............................<.
#.########.#######.#####........
##.# #.# #...........#.# ...#
######.#######.#####..##.#.#
...###......#.....#.#####.....#.#
..................'.##..........#
#..###.#.##.......#.##.##..##.#.#
#.[......##....h@.#.##.##..##.#.#
#...................##.##..##.#.#
#..###.####..###....##.#.........
#......................##........
.......####..###.................
#.##...........+..............#.#
#.#..........###..............#.#
#............###....##+##.....#.#
#................................


You could see Natasha.

Vanquished Creatures
  Natasha (D:2)
  4 adders (D:2)
  A worm (D:2)
  4 dart slugs (D:1)
  4 bats
  4 endoplasms (D:1)
  3 giant cockroaches
  4 goblins (D:1)
  7 hobgoblins
  4 jackals (D:1)
  A quokka (D:1)
  3 ball pythons
  5 frilled lizards
  7 kobolds
  5 rats
57 creatures vanquished.

Notes
Turn   | Place    | Note
-------+----------+-------------------------------------------
     0 | D:1      | Setbun the Kobold Enchanter began the quest for the Orb.
     0 | D:1      | Reached XP level 1. HP: 10/10 MP: 3/3
    96 | D:1      | Reached XP level 2. HP: 2/15 MP: 5/5
   590 | D:1      | Reached XP level 3. HP: 19/19 MP: 6/6
  1257 | D:1      | Reached skill level 5 in Stealth
  1556 | D:1      | Reached XP level 4. HP: 24/24 MP: 7/7
  2027 | D:2      | Reached XP level 5. HP: 28/28 MP: 9/9
  2575 | D:2      | Noticed Natasha
  2579 | D:2      | Killed Natasha
  2580 | D:2      | Reached skill level 1 in Fighting
  2618 | D:2      | Noticed an orange demon
  2622 | D:2      | Found a faded altar of an unknown god.
  2804 | D:2      | Noticed Natasha
  2819 | D:2      | Killed from afar by Natasha

Illustrated notes

Levels and vault maps discovered:
D:1:      heliophobic_arrival_battle_scene, layout_rooms
D:2:      layout_basic, dreamdust_ecumenical_altar_sealed_demon,
          minmay_hexomino_c4, uniq_natasha

Skill      XL: |  1  2  3  4  5 |
---------------+----------------+-----
Short Blades   | 2 |  2.7
Stealth        | 5 |  5.5
Dodging        | 3 |  3.2
Fighting       | 1 |  1.0
Spellcasting   | |  2.8
Hexes          | |  3.5

Action                   |  1- 3 |  4- 6 || total
-------------------------+-------+-------++-------
Melee: Dagger            |   138 |    94 ||   232
  Use: Potion            |       |     1 ||     1
 Stab: Sleeping          |    10 |     9 ||    19
       Distracted        |     1 |       ||     1
Armor: Robe              |    14 |    15 ||    29
Dodge: Dodged            |   101 |    66 ||   167
Block: Buckler           |    10 |     2 ||    12
       Reflection        |     1 |       ||     1

Table legend: (Time is in decaauts)
 A = Elapsed time spent in this place.
 B = Non-inter-level travel time spent in this place.
 C = Inter-level travel time spent in this place.
 D = Time resting spent in this place.
 E = Time spent auto-exploring this place.
 F = Levels seen in this place.
 G = Mean time per level.
                   A        B        C        D        E       F      G
               +--------+--------+--------+--------+--------+-----+--------+
         Total |   2800 |   2779 |     21 |    296 |   2064 |   2 | 1400.0 |
       Dungeon |   2800 |   2779 |     21 |    296 |   2064 |   2 | 1400.0 |
               +--------+--------+--------+--------+--------+-----+--------+

Top non-repeatable levels by time:
     D:1: 1580 daAuts
     D:2: 1220 daAuts
